 Seeded DCSS version 0.28-a0-1235-g7c8fac35f0 (webtiles) character file.

Game seed: 11023650935340118060 (custom seed)

234 croobank the Distorting Demonspawn (level 5, -7/42 HPs)
             Began as a Demonspawn Abyssal Knight on Dec 24, 2021.
             Was a Believer of Lugonu.
             Killed by nerve-wracking pain
             ... invoked by an orc priest
              (12 damage)
             ... on level 3 of the Dungeon.
             The game lasted 00:10:18 (4025 turns).

croobank the Distorting Demonspawn (DsAK)           Turns: 4025, Time: 00:10:18

Health: -7/42      AC: 11    Str: 14    XL:     5   Next: 75%
Magic:  8/8        EV:  6    Int: 13    God:    Lugonu [**....]
Gold:   63         SH:  0    Dex: 13    Spells: 4/4 levels left

rFire   . . .      SeeInvis .   a - +1 falchion
rCold   . . .      Faith    .   (no shield)
rNeg    . . .      Spirit   .   l - +0 plate armour
rPois   .          Reflect  .   (no helmet)
rElec   .          Harm     .   (no cloak)
rCorr   .          Rampage  .   (no gloves)
Will    .....                   (no boots)
Stlth   ..........              (no amulet)
HPRegen 0.14/turn               (no ring)
MPRegen 0.11/turn               (no ring)

@: no status effects
A: repulsion field 1, demonic guardian 1, powered by pain 1
a: Renounce Religion, Depart the Abyss, Bend Space


You were on level 3 of the Dungeon.
You worshipped Lugonu.
Lugonu was pleased with you.
You visited 1 branch of the dungeon, and saw 3 of its levels.
You visited the Abyss 1 time.

You collected 63 gold pieces.

Inventory:

Hand Weapons
 a - a +1 falchion (weapon)
 h - a +0 great sword of venom
 j - a +0 spectral club
Missiles
 c - 114 stones
 f - 14 sling bullets
Armour
 b - a +0 leather armour
 g - a +0 chain mail
 l - a +0 plate armour (worn)
 m - a +0 scale mail
Magical Staves
 k - a staff of air
Scrolls
 d - 2 scrolls of blinking {blink, unknown}
 e - a scroll of vulnerability {vulnerability, unknown}
Potions
 i - a potion of magic {magic, unknown}


   Skills:
 + Level 3.9 Fighting
 + Level 2.8 Long Blades
 + Level 2.9 Armour
 + Level 2.3 Dodging
 + Level 4.1 Invocations


You had 4 spell levels left.
You didn't know any spells.
Your spell library was empty.

Dungeon Overview and Level Annotations

Branches:
Dungeon (3/15)

Altars:


Innate Abilities, Weirdness & Mutations

You are surrounded by a mild repulsion field. (EV +2)
A weak demonic guardian rushes to your aid.
You sometimes gain a little power by taking damage.


Message History

m - a +0 scale mail Your shadow imp disappears in a puff of smoke!
An orc priest comes into view. It is wielding a +0 club.
a - a +1 falchion (weapon)
The orc priest shouts!
You closely miss the orc priest.
The orc priest hits you but does no damage.
The orc priest hits you with a +0 club.
You hit the orc priest.
The orc priest is moderately wounded.
The orc priest hits you but does no damage.
You barely miss the orc priest.
The orc priest is moderately wounded.
The orc priest closely misses you.
You barely miss the orc priest.
The orc priest is moderately wounded.
The orc priest closely misses you.
You barely miss the orc priest.
The orc priest is moderately wounded.
The orc priest calls down the wrath of Beogh upon you.
Beogh smites you!
Your plate armour prevents you from hitting the orc priest.
The orc priest is moderately wounded.
The orc priest hits you but does no damage.
You hit the orc priest.
The orc priest is heavily wounded.
The orc priest invokes the aid of Beogh against you.
Beogh smites you!
* * * LOW HITPOINT WARNING * * *
A ball python comes into view.
The ball python hisses angrily.
You hit the orc priest.
The orc priest is severely wounded.
The orc priest calls down the wrath of Beogh upon you.
Pain shoots through your body!
* * * LOW HITPOINT WARNING * * *
A demonic guardian appears!
The orc priest calls down the wrath of Beogh upon you.
Pain shoots through your body!
You die...

#. #S. ##..#
..... ......
######.....#
#<.5@o......
##)##.)....#.
##.....#....#
#..#.###....#
#.....).#..#
####
#...#..##.##
.. .... ...
##########


You could see an orc priest (ally target), a ball python and a friendly shadow
imp (summoned).

Vanquished Creatures
  Jessica (D:2)
  Natasha (twice) (D:2)
  3 gnolls
  An adder (D:2)
  2 worms (D:2)
  2 dart slugs
  4 orcs
  4 ball pythons (D:2)
  5 endoplasms (D:1)
  4 giant cockroaches (D:1)
  A goblin (D:2)
  9 hobgoblins
  8 jackals
  4 kobolds
  2 quokkas (D:1)
  4 bats (D:1)
  A frilled lizard (D:2)
  3 rats
60 creatures vanquished.

Vanquished Creatures (collateral kills)
  Natasha (D:2)
  A gnoll (D:2)
  An orc (D:2)
  A giant cockroach (D:2)
  A goblin (D:1)
  A jackal (D:2)
  A rat (D:1)
7 creatures vanquished.

Grand Total: 67 creatures vanquished

Notes
Turn   | Place    | Note
-------+----------+-------------------------------------------
     0 | Abyss:1  | croobank the Demonspawn Abyssal Knight began the quest for
                  | the Orb.
     0 | Abyss:1  | Reached XP level 1. HP: 18/18 MP: 2/2
    34 | D:1      | Escaped the Abyss
   178 | D:1      | Reached skill level 1 in Dodging
   519 | D:1      | Gained mutation: A weak demonic guardian rushes to your
                  | aid. [demonic ancestry]
   519 | D:1      | Reached XP level 2. HP: 24/24 MP: 4/4
  1065 | D:1      | Reached ** piety under Lugonu
  1066 | D:1      | Reached XP level 3. HP: 29/29 MP: 5/5
  1112 | D:1      | Reached skill level 3 in Invocations
  2120 | D:2      | Noticed Jessica
  2142 | D:2      | Killed Jessica
  2143 | D:2      | Gained mutation: You sometimes gain a little power by
                  | taking damage. [demonic ancestry]
  2143 | D:2      | Reached XP level 4. HP: 20/35 MP: 6/6
  2497 | D:2      | Found a faded altar of an unknown god.
  2537 | D:2      | Noticed Natasha
  2544 | D:2      | Killed Natasha
  2906 | D:2      | Noticed Natasha
  2914 | D:2      | Killed Natasha
  2915 | D:2      | Gained mutation: You are surrounded by a mild repulsion
                  | field. (EV +2) [demonic ancestry]
  2915 | D:2      | Reached XP level 5. HP: 29/42 MP: 7/7
  3043 | D:2      | Noticed Natasha
  3053 | D:2      | Killed Natasha
  3238 | D:2      | Reached skill level 4 in Invocations
  4025 | D:3      | Killed from afar by an orc priest

Illustrated notes

Levels and vault maps discovered:
D:1:      mainiacjoe_arrival_reflecting_pool, layout_loops_corners,
          minmay_split_cup_large
D:2:      layout_basic, basic_ecumenical_altar, minmay_tetromino_s4,
          uniq_jessica, uniq_natasha
D:3:      layout_rooms, gammafunk_temple_overflow_claw

Skill      XL: |  1  2  3  4  5 |
---------------+----------------+-----
Dodging        | 1 2 |  2.3
Long Blades    | 2 |  2.8
Armour         | 2 |  2.9
Invocations    | 3 4 |  4.1
Fighting       | |  3.9

Action                   |  1- 3 |  4- 6 || total
-------------------------+-------+-------++-------
Melee: Falchion          |   161 |     8 ||   169
       Club              |       |    74 ||    74
  Use: Potion            |       |     1 ||     1
 Stab: Sleeping          |       |     1 ||     1
Armor: Leather armour    |    52 |     9 ||    61
       Plate armour      |       |     9 ||     9
Dodge: Dodged            |   122 |    64 ||   186

Table legend: (Time is in decaauts)
 A = Elapsed time spent in this place.
 B = Non-inter-level travel time spent in this place.
 C = Inter-level travel time spent in this place.
 D = Time resting spent in this place.
 E = Time spent auto-exploring this place.
 F = Levels seen in this place.
 G = Mean time per level.
                   A        B        C        D        E       F      G
               +--------+--------+--------+--------+--------+-----+--------+
         Total |   4091 |   4072 |     19 |   1794 |   1538 |   4 | 1022.8 |
       Dungeon |   4057 |   4038 |     19 |   1794 |   1534 |   3 | 1352.3 |
         Abyss |     34 |     34 |      0 |      0 |      4 |   1 |   34.0 |
               +--------+--------+--------+--------+--------+-----+--------+

Top non-repeatable levels by time:
     D:2: 2023 daAuts
     D:1: 1946 daAuts
     D:3: 87 daAuts
 Abyss:1: 34 daAuts
